 Dungeon Crawl Stone Soup version 0.29.1-12-g30fa7ad0bf (webtiles) character file.

Game seed: 14205690910406831044

2 wormed the Vexing (level 1, 0/17 HPs)
             Began as a Gnoll Arcane Marksman on Dec 24, 2022.
             Slain by a ball python (3 damage)
             ... on level 1 of the Dungeon.
             The game lasted 00:00:22 (154 turns).

wormed the Vexing (Gnoll Arcane Marksman)            Turns: 154, Time: 00:00:23

Health: 0/17       AC:  2    Str:  9    XL:     1   Next: 40%
Magic:  4/4        EV: 13    Int: 12    God:
Gold:   16         SH:  0    Dex: 12    Spells: 4/5 levels left

rFire   . . .      SeeInvis .   a - +1 sling
rCold   . . .      Faith    .   (no shield)
rNeg    . . .      Spirit   .   c - +0 robe
rPois   .          Reflect  .   (no helmet)
rElec   .          Harm     .   (no cloak)
rCorr   .          Rampage  .   (no gloves)
Will    .....                   (no boots)
Stlth   +.........              (no amulet)
HPRegen 0.05/turn               (no ring)
MPRegen 0.09/turn               (no ring)

@: no status effects
A: fangs 1, strong nose, distributed training
a: no special abilities


You were on level 1 of the Dungeon.
You visited 1 branch of the dungeon, and saw 1 of its levels.

You collected 16 gold pieces.

Inventory:

Hand Weapons
 a - a +1 sling (weapon)
Armour
 c - a +0 robe (worn)
Scrolls
 b - a scroll of poison
 d - a scroll of blinking {unknown}
Potions
 e - a potion of cancellation {unknown}
 f - a potion of haste {unknown}


   Skills:
 + Level 2.3 Fighting
 + Level 0.0 Short Blades
 + Level 0.0 Long Blades
 + Level 0.0 Axes
 + Level 0.0 Maces & Flails
 + Level 0.0 Polearms
 + Level 0.0 Staves
 + Level 4.4 Ranged Weapons
 + Level 0.0 Throwing
 + Level 0.0 Armour
 + Level 4.4 Dodging
 + Level 0.0 Stealth
 + Level 0.0 Shields
 + Level 0.0 Unarmed Combat
 + Level 2.6 Spellcasting
 + Level 0.0 Conjurations
 + Level 5.3 Hexes
 + Level 0.0 Summonings
 + Level 0.0 Necromancy
 + Level 0.0 Translocations
 + Level 0.0 Transmutations
 + Level 0.0 Fire Magic
 + Level 0.0 Ice Magic
 + Level 0.0 Air Magic
 + Level 0.0 Earth Magic
 + Level 0.0 Poison Magic
 + Level 0.1 Invocations
 + Level 0.0 Evocations


You had 4 spell levels left.
You knew the following spells:

 Your Spells              Type           Power      Damage    Failure   Level
a - Slow                  Hex            56%        N/A       2%          1

Your spell library contained the following spells:

 Spells                   Type           Power      Damage    Failure   Level
 Inner Flame              Hex/Fire       8%         N/A       26%         3
 Portal Projectile        Hex/Tloc       16%        N/A       26%         3
 Cause Fear               Hex            7%         N/A       28%         4


Dungeon Overview and Level Annotations

Branches:
Dungeon (1/15)

Altars:


Innate Abilities, Weirdness & Mutations

You have very sharp teeth.
Your uncanny sense of smell can sniff out nearby items.
Your experience applies equally to all skills.


Message History

The giant cockroach misses you.
The giant cockroach attacks as you move away!
The giant cockroach bites you but does no damage. 2 ball pythons come into view.
The ball python hisses angrily.
The giant cockroach attacks as you move away!
The giant cockroach misses you.
Found 12 gold pieces.
The ball python hisses angrily.
The giant cockroach attacks as you move away!
The giant cockroach bites you.
* * * LOW HITPOINT WARNING * * *
The ball python barely misses you. The ball python grabs you.
The ball python constricts you. The ball python closely misses you.
The ball python constricts you. The giant cockroach barely misses you.
You escape the ball python's grasp.
The giant cockroach attacks as you move away!
The giant cockroach bites you.
* * * LOW HITPOINT WARNING * * *
The giant cockroach attacks as you move away!
The giant cockroach closely misses you. The ball python barely misses you. x2
The ball python attacks as you move away!
The ball python barely misses you. x2
The ball python attacks as you move away!
The ball python closely misses you. The ball python misses you.
The giant cockroach attacks as you move away!
The giant cockroach bites you.
* * * LOW HITPOINT WARNING * * *
The ball python attacks as you move away!
The ball python barely misses you. The ball python misses you.
The ball python closely misses you. The ball python barely misses you.
The giant cockroach bites you but does no damage.
The giant cockroach attacks as you move away!
The giant cockroach closely misses you.
You see here 12 gold pieces.
The ball python attacks as you move away!
The ball python closely misses you. The ball python barely misses you.
The ball python barely misses you. The ball python closely misses you.
The ball python attacks as you move away!
The ball python bites you.
You die...

.............##
##.##########
...######.....##
##..# #.. ##.#
#..)...## ##..##
#.. ...#
#.......#+#..## #..
#..# #........+..##
##.. #..#
########...## ....
#..# ###### #..##
#### ...# #....#
#.##
#.#######....###@##
####
............g.SS..#
# #...
#.####........KB..#
... ##≈≈ #.#
#............#
....#... #.#
#............#
....≈... ..#
#............#
..(.≈.⌠< ###
#............#
....≈...
#.#..........#
....#...
#...#......... #≈≈
##≈≈


You could see a giant cockroach, a hobgoblin, 2 ball pythons and a kobold.

Vanquished Creatures
  A bat (D:1)
  A kobold (D:1)
2 creatures vanquished.

Notes
Turn   | Place    | Note
-------+----------+-------------------------------------------
     0 | D:1      | wormed the Gnoll Arcane Marksman began the quest for the
                  | Orb.
     0 | D:1      | Reached XP level 1. HP: 17/17 MP: 4/4
   123 | D:1      | Found a faded altar of an unknown god.
   154 | D:1      | Slain by a ball python

Illustrated notes

Levels and vault maps discovered:
D:1:      dpeg_arrival_rooms_with_view, layout_basic,
          hellmonk_ecumenical_altar_pennies_from_heaven, supply_closet_lemuel,
          grunt_decor_arrowhead, minmay_misc_feat_pillars

Action                   || total
-------------------------++-------
 Fire: Sling             ||    16
Armor: Robe              ||     7
Dodge: Dodged            ||    39
